 Dungeon Crawl Stone Soup version 0.31.0-11-ge490571c62 (console) character file.

Game seed: 17650762859573712323

168 zenocrate the Covert (level 5, 0/48 HPs)
             Began as a Kobold Delver on Feb 1, 2024.
             Succumbed to Terence's poison
             ... on level 2 of the Dungeon.
             The game lasted 00:01:56 (928 turns).

zenocrate the Covert (Kobold Delver)                 Turns: 928, Time: 00:01:57

Health: 0/48       AC: 22    Str: 16    XL:     5   Next: 77%
Magic:  5/5        EV:  3    Int: 11    God:
Gold:   16         SH:  0    Dex: 18    Spells: 4/4 levels left

rFire   . . .        a - +0 short sword
rCold   . . .        (no shield)
rNeg    . . .        b - melded +0 leather armour
rPois   +            (helmet currently unavailable)
rElec   .            (cloak currently unavailable)
rCorr   .            h - melded +0 pair of gloves
SInv    .            (boots currently unavailable)
Will    .....        (no amulet)
Stlth   +++++        j - +6 ring of strength
HPRegen 0.28/turn    k - ring of poison resistance
MPRegen 0.09/turn

%: no passive effects
@: lethally poisoned (0 -> -9), tree-form, attractive, hasted, very quick
A: stationary, stasis, torment immunity, boosted hp, small, no large weapons,
nightstalker 3
a: no special abilities


You were on level 2 of the Dungeon.
You were a tree.
You visited 1 branch of the dungeon, and saw 4 of its levels.

You collected 16 gold pieces.

Inventory:

Hand Weapons
 a - a +0 short sword (weapon)
Armour
 b - a +0 leather armour (melded)
 h - a +0 pair of gloves (melded)
Jewellery
 j - a +6 ring of strength (left branch)
 k - a ring of poison resistance (right branch)
Wands
 g - a wand of digging (3)
Scrolls
 c - a scroll of fog
 d - a scroll of revelation
 e - a scroll of fear
 i - 2 scrolls of teleportation {unknown}
 m - a scroll of silence {unknown}
 o - a scroll of identify {unknown}


   Skills:
 - Level 3.2 Fighting
 + Level 5.4 Short Blades
 - Level 2.4 Dodging
 + Level 8.5 Stealth


You had 4 spell levels left.
You didn't know any spells.
Your spell library was empty.

Dungeon Overview and Level Annotations

Branches:
Dungeon (5/15)
 Temple: D:4-7

Altars:

Annotations:
D:2 Terence


Innate Abilities, Weirdness & Mutations

You are a tree.
Your roots penetrate the ground, keeping you stationary.
You cannot be teleported.
You are immune to unholy pain and torment.
Your maximum health is greatly increased.
Your equipment is partially melded.
You are small and have problems with some larger weapons.
You are completely attuned to the shadows.


Message History

Terence is moderately wounded.
Unknown command.
You barely miss Terence.
Terence is moderately wounded.
You feel sick. Terence hits you but does no damage.
Unknown command.
You hit Terence but do no damage.
Terence is moderately wounded.
Unknown command.
You hit Terence but do no damage.
Terence is moderately wounded.
You feel sick. Terence hits you but does no damage.
Unknown command.
You barely miss Terence.
Terence is moderately wounded.
You hit Terence but do no damage.
Terence is moderately wounded.
You feel sick.
You are no longer poisoned.
Terence hits you with a +0 trident of venom.
* * * LOW HITPOINT WARNING * * *
You hit Terence but do no damage.
Terence is moderately wounded.
Unknown command.
You completely miss Terence.
Terence is moderately wounded.
Terence hits you but does no damage.
Unknown command.
You aren't carrying any potions.
Unknown command.
Okay, then.
You barely miss Terence.
Terence is moderately wounded.
You hit Terence but do no damage.
Terence is moderately wounded.
Terence hits you but does no damage.
You are lethally poisoned!
You hit Terence but do no damage.
Terence is moderately wounded.
You die...

.#.#.......#...###...#...........
.#.#.#.###.#...........#########.
.#.#...................#.........
.#.#.# #####...###.....#.########
...# .......# #.....#.# # ...####
####.#.###.....#.# # .......
.......#.#.....#.# # .....##
####.###.#.....#.######## )....#
...............#......... ..####
####.###.#.#............. †.# #.#
#♣......########## #.# #.#
#@#.....# #.# #. ..#.....#####
#.# ####.........# #.#
##.....###.# #.# #....#...#.# #.#
#..†.....# #.# ##.###...# #.#
#####+ #.......# #.#
#......#..##..## #.#
#......#..##..#


You could see Terence.

Vanquished Creatures
  An ice beast (D:5)
  An iguana (D:5)
  2 adders (D:2)
  2 dart slugs
  4 orcs (D:3)
  A ball python (D:2)
  2 endoplasms (D:2)
  2 goblins
  3 hobgoblins (D:2)
  3 jackals (D:2)
  A quokka (D:2)
  2 bats (D:2)
  A kobold (D:2)
25 creatures vanquished.

Notes
Turn   | Place    | Note
-------+----------+-------------------------------------------
     0 | D:5      | zenocrate the Kobold Delver began the quest for the Orb.
     0 | D:5      | Reached XP level 1. HP: 14/14 MP: 1/1
    77 | D:5      | Noticed an ice beast
   116 | D:5      | Killed an ice beast
   117 | D:5      | Reached skill level 7 in Stealth
   117 | D:5      | Reached XP level 2. HP: 19/19 MP: 2/2
   117 | D:5      | Reached XP level 3. HP: 23/23 MP: 3/3
   117 | D:5      | Reached XP level 4. HP: 28/28 MP: 4/4
   169 | D:5      | Reached skill level 5 in Short Blades
   169 | D:5      | Reached skill level 8 in Stealth
   169 | D:5      | Reached XP level 5. HP: 25/32 MP: 5/5
   199 | D:5      | Noticed a black bear
   900 | D:2      | Noticed Terence
   923 | D:2      | HP: 1/48 [Terence/+0 trident of venom (4)]
   928 | D:2      | Succumbed to Terence's poison

Illustrated notes

Levels and vault maps discovered:
D:2:      layout_basic, kennysheep_generic_room_8, uniq_terence
D:3:      layout_rooms, minitemple
D:4:      layout_basic, st_stairs_1
D:5:      layout_loops_cross, lemuel_round_altar, serial_shops, shop,
          minmay_manual_mess

Skill      XL: |  1  2  3  4 |
---------------+-------------+-----
Short Blades   | 4 5 |  5.4
Stealth        | 7 8 |  8.5
Fighting       | |  3.2
Dodging        | |  2.4

Action                     |  1- 3 |  4- 6 || total
---------------------------+-------+-------++-------
  Melee: Short sword       |     5 |   112 ||   117
         Punch             |       |     2 ||     2
    Use: Potion            |       |     3 ||     3
   Stab: Sleeping          |     1 |     6 ||     7
 Armour: Leather armour    |     2 |    32 ||    34
         Skin              |       |     8 ||     8
  Dodge: Dodged            |       |    43 ||    43
